 Dungeon Crawl Stone Soup version 0.26.0-7-g794d0892b4 (webtiles) character file.

Game seed: 1537957353297475757

63 jackrogers the Ducker (level 3, -1/17 HPs)
             Began as a Felid Monk on Jan 12, 2021.
             Slain by a jackal (3 damage)
             ... on level 3 of the Dungeon.
             The game lasted 00:01:33 (1708 turns).

jackrogers the Ducker (Felid Monk)                  Turns: 1708, Time: 00:01:34

Health: -1/17      AC:  1    Str:  8    XL:     3   Next: 87%
Magic:  4/4        EV: 20    Int: 11    God:
Gold:   152        SH:  0    Dex: 18    Spells: 2/2 levels left
                                        Lives:  0   Deaths: 0

rFire    + . .     SeeInvis +     - Unarmed
rCold    + . .     Faith    .   (shield unavailable)
rNeg     . . .     Spirit   .   (armour unavailable)
rPois    +         Reflect  .   (helmet unavailable)
rElec    +         Harm     .   (cloak unavailable)
rCorr    +         Rampage  .   (gloves unavailable)
Will     .....                  (boots unavailable)
Stlth    +++.......             (no amulet)
HPRegen  0.05/turn              (no ring)
MPRegen  0.09/turn              (no ring)

@: resistant, quick
A: very small, no armour, no weapons or thrown items, stealth, claws 1, fangs 3,
see invisible, speed 1, shaggy fur 1, sharp paws
a: no special abilities


You were on level 3 of the Dungeon.
You visited 1 branch of the dungeon, and saw 3 of its levels.

You collected 152 gold pieces.

Inventory:

Jewellery
 f - an uncursed ring of fire {rF+, rC-}
   (You found it on level 1 of the Dungeon)
Scrolls
 b - a scroll of enchant weapon {unknown}
 c - a scroll of fear {unknown}
 g - a scroll of noise {unknown}
 i - a scroll of magic mapping {unknown}
 k - a scroll of teleportation {unknown}
 n - a scroll of immolation {unknown}
 o - a scroll of remove curse {unknown}
 p - 2 scrolls of identify {unknown}
Potions
 a - a potion of cancellation {unknown}
 d - 2 potions of magic {unknown}
 e - a potion of degeneration {unknown}
 h - a potion of curing {unknown}
 j - a potion of resistance
 l - a potion of invisibility {unknown}
 m - a potion of brilliance {unknown}
 q - 2 potions of flight {unknown}


   Skills:
 - Level 3.0 Fighting
 + Level 4.9 Dodging
 - Level 2.6 Stealth
 * Level 4.3 Unarmed Combat


You had 2 spell levels left.
You didn't know any spells.
Your spell library was empty.

Dungeon Overview and Level Annotations

Branches:
Dungeon (3/15)

Altars:
Ashenzari


Innate Abilities, Weirdness & Mutations

You cannot wear armour.
You are incapable of wielding weapons or throwing items.
Your paws allow you to move quietly. (Stealth)
You have sharp claws.
You have razor-sharp teeth.
You have supernaturally acute eyesight. (SInv)
You cover ground quickly.
You are covered in fur. (AC +1)
Your sharp claws are effective at attacking unaware monsters.


Message History

The adder barely misses you.
Spoiler Alert: The adder is fast and can poison!
You barely miss the adder. The adder closely misses you. The adder misses you.
You scratch the adder. The adder barely misses you.
You claw the adder!
You kill the adder!
Your Unarmed Combat skill increases to level 4!
You see here an adder corpse.
You start resting.
Found a stone staircase leading down.
A hobgoblin comes into view. It is wielding a +0 club.
A hobgoblin is nearby!
A hobgoblin is nearby! 2 adders come into view.
Warning x2: The adder (asleep) is fast and can poison! x2
A quokka comes into view.
The adder hisses angrily.
You hear a shout!
A hobgoblin comes into view. It is wielding a +0 club.
A rat comes into view.
Warning x2: The adder (asleep) is fast and can poison!
The adder is fast and can poison!
A worm comes into view.
Warning x3: The worm (asleep) can hit for moderate damage in melee!
The adder (asleep) is fast and can poison!
The adder is fast and can poison!
You miss the adder.
The hobgoblin shouts!
The adder misses you. The adder bites you.
You are poisoned.
The adder poisons you!
Warning x3: The worm (wandering) can hit for moderate damage in melee!
The adder (asleep) is fast and can poison!
The adder is fast and can poison!
You feel sick.
The adder hisses angrily.
Warning x2: The adder is fast and can poison!
The worm can hit for moderate damage in melee!
You feel sick.
Warning x2: The adder is fast and can poison! x2
You miss the adder. The adder misses you.
The hobgoblin shouts!
You scratch the adder.
You feel sick.
You hear a shout!
The adder completely misses you.
Warning x3: The adder is fast and can poison! x2
The worm can hit for moderate damage in melee!
You scratch the adder. The adder barely misses you.
Warning x3: The adder is fast and can poison! x2
The worm can hit for moderate damage in melee!
You scratch the adder.
You kill the adder!
The adder closely misses you.
You feel sick.
You feel sick.
There is a stone staircase leading down here.
Spoiler Alert: The adder is fast and can poison!
The adder closely misses you.
You climb downwards.
A leopard gecko comes into view.
There is a stone staircase leading up here.
You scratch the adder. Your claw misses the adder.
The leopard gecko hisses angrily.
The adder barely misses you. The leopard gecko bites you.
* * * LOW HITPOINT WARNING * * *
Spoiler Alert: The adder is fast and can poison!
You closely miss the adder.
* * * LOW HITPOINT WARNING * * *
You feel sick. The adder completely misses you.
The leopard gecko completely misses you.
You scratch the adder. Your bite misses the adder.
The adder closely misses you. The leopard gecko misses you.
The adder misses you.
Spoiler Alert: The adder is fast and can poison!
You scratch the adder.
You kill the adder!
The leopard gecko misses you.
You barely miss the leopard gecko.
The leopard gecko completely misses you.
You scratch the leopard gecko but do no damage.
Your claw misses the leopard gecko.
* * * LOW HITPOINT WARNING * * *
You feel sick.
The leopard gecko completely misses you.
You barely miss the leopard gecko.
The leopard gecko completely misses you. x2
You closely miss the leopard gecko.
The leopard gecko completely misses you.
A jackal comes into view.
You miss the leopard gecko. The leopard gecko barely misses you.
You scratch the leopard gecko.
You kill the leopard gecko!
You feel sick.
You are no longer poisoned.
It was a potion of resistance.
You feel protected.
A jackal comes into view.
Okay, then.
There are monsters nearby!
Found a stone staircase leading up.
The jackal barks!
The jackal barks!
You hear a bark! x2
The jackal misses you.
You closely miss the jackal. The jackal barely misses you.
You claw the jackal!
You kill the jackal!
A jackal comes into view.
You barely miss the jackal. The jackal bites you.
You die...

# ...#######
.........#####.##
#.....@h<..#
.......#.#####.h#
....##.#.# #
.#.###.#.#####.h
#......<......h
#####..†...#.#.
#.#.##.# #.#.# [#
.(..# #


You could see 2 jackals.

Vanquished Creatures
  4 adders
  A leopard gecko (D:3)
  A giant cockroach (D:1)
  4 goblins
  4 hobgoblins
  5 jackals
  3 bats
  2 kobolds (D:2)
  A rat (D:1)
25 creatures vanquished.

Vanquished Creatures (others)
  2 plants (D:2)
2 creatures vanquished.

Grand Total: 27 creatures vanquished

Notes
Turn   | Place    | Note
-------+----------+-------------------------------------------
     0 | D:1      | jackrogers the Felid Monk began the quest for the Orb.
     0 | D:1      | Reached XP level 1. HP: 10/10 MP: 2/2
   387 | D:1      | Reached XP level 2. HP: 14/14 MP: 3/3
   712 | D:2      | HP: 2/14 [adder (3)]
   757 | D:2      | HP: 2/14 [jackal (1)]
  1292 | D:2      | Reached XP level 3. HP: 15/17 MP: 4/4
  1412 | D:2      | Found a broken altar of Ashenzari.
  1425 | D:2      | Reached skill level 4 in Unarmed Combat
  1687 | D:3      | HP: 4/17 [leopard gecko (3)]
  1692 | D:3      | HP: 2/17 [poisoned by an adder]
  1708 | D:3      | Slain by a jackal

Illustrated notes

Levels and vault maps discovered:
D:1:      minmay_arrival_stone_box, layout_rooms
D:2:      cheibrodos_old_hovel, layout_rooms, lemuel_round_altar,
          chequers_serial_rivers_small_3
D:3:      layout_loops_ring

Skill      XL: |  1  2  3 |
---------------+----------+-----
Unarmed Combat | 4 |  4.3
Fighting       | |  3.0
Dodging        | |  4.9
Stealth        | |  2.6

Action                   || total
-------------------------++-------
Melee: Unarmed           ||   112
       Bite              ||     7
  Use: Potion            ||     1
 Stab: Sleeping          ||     2
Armor: Skin              ||     2
Dodge: Dodged            ||   134

Table legend: (Time is in decaauts)
 A = Elapsed time spent in this place.
 B = Non-inter-level travel time spent in this place.
 C = Inter-level travel time spent in this place.
 D = Time resting spent in this place.
 E = Time spent auto-exploring this place.
 F = Levels seen in this place.
 G = Mean time per level.
                   A        B        C        D        E       F      G
               +--------+--------+--------+--------+--------+-----+--------+
         Total |   1583 |   1582 |      1 |    894 |    459 |   3 |  527.7 |
       Dungeon |   1583 |   1582 |      1 |    894 |    459 |   3 |  527.7 |
               +--------+--------+--------+--------+--------+-----+--------+

Top non-repeatable levels by time:
     D:1: 887 daAuts
     D:2: 677 daAuts
     D:3: 19 daAuts

Table legend:
 A = Kills in this place as a percentage of kills in entire the game.
 B = Kills by you in this place as a percentage of kills by you in the entire game.
 C = Kills by friends in this place as a percentage of kills by friends in the entire game.
 D = Other kills in this place as a percentage of other kills in the entire game.
 E = Experience gained in this place as a percentage of experience gained in the entire game.
 F = Experience gained in this place divided by the number of levels of this place that you have seen.
                   A       B       C       D       E      F
               +-------+-------+-------+-------+-------+----------------------
         Total | 100.0 | 100.0 |   N/A |   N/A | 100.0 |  30.0
       Dungeon | 100.0 | 100.0 |   N/A |   N/A | 100.0 |  30.0
               +-------+-------+-------+-------+-------+----------------------
